 Dungeon Crawl Stone Soup version 0.26.1-11-gd32895ea62 (webtiles) character file.

Game seed: 16610093729253165096

316 Azunone the Cudgeller (level 6, -9/62 HPs)
             Began as a Troll Chaos Knight on June 5, 2021.
             Was a Plaything of Xom.
             Killed by divine providence
             ... invoked by an orc priest
              (14 damage)
             ... on level 5 of the Dungeon.
             The game lasted 00:07:17 (3166 turns).

Azunone the Cudgeller (Troll Chaos Knight)          Turns: 3166, Time: 00:07:19

Health: -9/62      AC:  9    Str: 23    XL:     6   Next: 20%
Magic:  5/5        EV: 11    Int:  8    God:    Xom [.*....]
Gold:   295        SH:  0    Dex:  9    Spells: 5/5 levels left

rFire    . . .     SeeInvis .   p - -2 mace (curse)
rCold    . . .     Faith    .   (no shield)
rNeg     . . .     Spirit   .   b - +2 robe
rPois    .         Reflect  .   (helmet restricted)
rElec    .         Harm     .   h - +0 cloak
rCorr    .         Rampage  .   (gloves unavailable)
Will     +....                  (boots unavailable)
Stlth    +.........             (no amulet)
HPRegen  0.60/turn              A - ring of willpower
MPRegen  0.09/turn              (no ring)

@: no status effects
A: large, unfitting armour, claws 3, talons 1, regeneration 1, shaggy fur 1,
tough skin 3
a: Renounce Religion


You were on level 5 of the Dungeon.
You worshipped Xom.
You were a plaything of Xom.
You visited 1 branch of the dungeon, and saw 5 of its levels.

You collected 295 gold pieces.


Innate Abilities, Weirdness & Mutations

You are too large for most types of armour.
You have claws for hands.
Your natural rate of healing is unusually fast.
You are covered in fur. (AC +1)
You have extremely tough skin. (AC +3)
You have sharp toenails.


   Skills:
 + Level 3.9 Fighting
 + Level 4.2 Maces & Flails
 + Level 3.5 Dodging


You had 5 spell levels left.
You didn't know any spells.
Your spell library was empty.

Inventory:

Hand Weapons
 a - a +0 mace of chaos
 p - a cursed -2 mace (weapon)
   (You found it on level 3 of the Dungeon)
 B - a +1 spectral quarterstaff
   (You found it on level 4 of the Dungeon)
Missiles
 e - 39 arrows
 f - 51 sling bullets
 g - 90 stones (quivered)
 n - 41 bolts
 s - 16 poisoned darts
Armour
 b - a +2 robe (worn)
 h - a +0 cloak (worn)
   (You found it on level 1 of the Dungeon)
Magical Staves
 l - an uncursed staff of poison {!a!a}
   (You found it on level 2 of the Dungeon)
 o - an uncursed staff of poison {!a!a}
   (Xom gifted it to you on level 3 of the Dungeon)
Jewellery
 A - a ring of willpower (left claw)
   (You found it on level 4 of the Dungeon)
Wands
 m - a wand of enslavement (6)
   (You found it on level 2 of the Dungeon)
 u - a wand of flame (27)
   (You found it on level 3 of the Dungeon)
 w - a wand of acid (9)
   (You found it on level 3 of the Dungeon)
Scrolls
 c - 4 scrolls of teleportation {@r4@r4}
 i - a scroll of remove curse {unknown}
 j - a scroll of enchant armour {unknown}
Potions
 d - a potion of resistance {unknown}
 k - a potion of berserk rage {unknown}
 q - a potion of curing {unknown}
 r - a potion of flight {unknown}
 t - 3 potions of heal wounds {unknown}
 z - a potion of might {unknown}

Dungeon Overview and Level Annotations

Branches:
Dungeon (5/15)
 Temple: D:4-7

Altars:
Ashenzari
Nemelex Xobeh
Okawaru
Sif Muna
Uskayaw
Xom
Zin

Shops:
D:3

* #.# #.# #.####.##.#
#.#
#.###########.##.....<#
#.#
#.............##......#
#.#
#######................
#.# #...######.....##
#.# ##.## #.......
#.##########.# ######.#
#...ยง..W..ยงo.# #.#
########.#@### .# #.#o#
.. #.#w# #.#o# #.#.#
#.#.# #<#.# #.#.#


You could see a phantom, a worm, an orc priest and 2 orc wizards.


Message History

You hit the jackal but do no damage. You claw the jackal, but do no damage.
The jackal misses you.
The phantom blinks!
The jackal bites you but does no damage. ๐Ÿ˜ฎ HP[+1]
You hit the jackal. The jackal barely misses you.
An orc wizard comes into view. It is wielding a -1 dagger.
A worm comes into view.
The jackal bites you. ๐Ÿ˜ฎ HP[-1]
You take 1 damage, and now have 32/62 hp.
You hit the jackal. Your kick misses the jackal.
The sentinel's mark upon you fades away.
You feel sick.
You are no longer poisoned.
The orc wizard points at you and mumbles some strange words.
The magic dart hits you.
* * * LOW HITPOINT WARNING * * *
The jackal bites you.
* * * LOW HITPOINT WARNING * * *
An orc wizard comes into view.
It is wielding a +1 dagger of speed. ๐Ÿ˜จ HP[-8]
You take 8 damage, and now have 24/62 hp.
You hit the jackal but do no damage. You claw the jackal.
You kill the jackal!
The orc priest invokes the aid of Beogh against you.
You resist with some effort. ๐Ÿ˜จ HP[+1]
The orc priest miscasts a cantrip.
You see here an adder corpse. ๐Ÿ˜จ HP[+1]
You closely miss the orc priest. The orc priest closely misses you.
The orc wizard hits you with a +1 dagger of speed.
* * * LOW HITPOINT WARNING * * *
The orc wizard gestures wildly while chanting.
The orc wizard seems to speed up.
The orc priest mumbles some strange prayers to Beogh against you.
Beogh smites you!
* * * LOW HITPOINT WARNING * * *
๐Ÿ˜ฑ HP[-17]
You take 17 damage, and now have 9/62 hp.
MASSIVE DAMAGE!! (PAUSE)
You hit the orc priest. The orc wizard closely misses you.
The orc priest looks braver for a moment.
The orc wizard mumbles some strange words.
The orc wizard seems to speed up. ๐Ÿ˜ฑ HP[+1]
You hit the orc priest but do no damage.
The orc wizard closely misses you. The orc priest barely misses you.
The orc wizard points at you and mumbles some strange words.
You resist with almost no effort. ๐Ÿ˜ฑ HP[+1]
You closely miss the orc priest.
The orc priest barely misses you. ๐Ÿ˜ฑ HP[+1]
You closely miss the orc priest.
You claw the orc priest, but do no damage.
The orc wizard hits you but does no damage. x3
The orc wizard barely misses you.
The orc priest hits you but does no damage.
The orc wizard gestures wildly while chanting.
The orc wizard blinks!
You hit the orc priest. You claw the orc priest.
The orc wizard hits you but does no damage.
The orc priest hits you with a +0 club.
* * * LOW HITPOINT WARNING * * *
The orc wizard hits you but does no damage.
The phantom blinks! ๐Ÿ˜ฑ HP[-2]
You take 2 damage, and now have 10/62 hp.
You hit the orc priest. Your kick misses the orc priest.
The orc wizard hits you but does no damage.
The orc priest hits you but does no damage.
The phantom hits you but does no damage.
The orc wizard hits you but does no damage. ๐Ÿ˜ฑ HP[+1]
You barely miss the orc priest. You claw the orc priest.
The orc wizard hits you with a cursed -1 dagger.
* * * LOW HITPOINT WARNING * * *
The orc priest hits you but does no damage.
The phantom hits you.
* * * LOW HITPOINT WARNING * * *
The phantom blinks!
The orc wizard begins to cast a cantrip, but forgets the words! ๐Ÿ˜ฑ HP[-5]
You take 5 damage, and now have 6/62 hp.
You barely miss the orc priest. Your kick misses the orc priest.
The orc priest calls down the wrath of Beogh upon you.
You resist with some effort. The phantom hits you.
* * * LOW HITPOINT WARNING * * *
The orc wizard completely misses you.
The orc priest hits you but does no damage.
The phantom blinks! ๐Ÿ˜ฑ HP[-2]
You take 2 damage, and now have 4/62 hp.
You closely miss the orc priest.
The orc wizard hits you but does no damage. x2
The phantom blinks!
The orc priest mumbles some strange prayers to Beogh against you.
Beogh smites you!
You die...
Xom snickers!

Skill      XL: |  1  2  3  4 |
---------------+-------------+-----
Dodging        | 2 3 |  3.5
Maces & Flails | 3 4 |  4.2
Fighting       | 3 |  3.9

Action                   |  1- 3 |  4- 6 || total
-------------------------+-------+-------++-------
Melee: Mace              |   119 |   140 ||   259
       Staff             |    27 |       ||    27
       Kick              |       |    19 ||    19
  Use: Scroll            |       |     5 ||     5
       Potion            |       |     1 ||     1
 Stab: Petrified         |     1 |       ||     1
       Sleeping          |       |     1 ||     1
Armor: Robe              |   100 |    69 ||   169
Dodge: Dodged            |    95 |    91 ||   186

Levels and vault maps discovered:
D:1:      dpeg_arrival_houses_and_road, layout_basic
D:2:      layout_loops_ring, lemuel_doored_altar, okawaru_gym_becter
D:3:      layout_loops_corners, zin_purify, eat_drink_and_be_merry_uskayaw,
          lemuel_blue_sif_altar
D:4:      layout_basic, nemelex_altar_shiori, nemelex_diamond_rough_becter
D:5:      layout_loops_ring, old_standard_altar, skrybe_limestone_x

Notes
Turn   | Place    | Note
-------+----------+-------------------------------------------
     0 | D:1      | Azunone the Troll Chaos Knight began the quest for the Orb.
     0 | D:1      | Reached XP level 1. HP: 22/22 MP: 0/0
     0 | D:1      | magus.rc [v1.10.1]
    18 | D:1      | XOM: silly message
   145 | D:1      | Reached skill level 2 in Dodging
   181 | D:1      | Reached XP level 2. HP: 27/29 MP: 1/1
   294 | D:1      | XOM: silly message
   445 | D:1      | Reached skill level 3 in Maces & Flails
   464 | D:1      | magus.rc [v1.10.1]
   541 | D:1      | XOM: silly message
   737 | D:2      | Reached XP level 3. HP: 36/36 MP: 2/2
   777 | D:2      | XOM: scenery: summon butterflies
   860 | D:2      | Found an iron altar of Okawaru.
   988 | D:2      | Reached skill level 3 in Fighting
  1175 | D:2      | Found a broken altar of Ashenzari.
  1239 | D:2      | XOM: summons 3 hostile shadow creatures
  1467 | D:3      | XOM: god gift: crooked glowing staff {god gift}
  1517 | D:3      | Found Zin's Purification Station.
  1517 | D:3      | Found a glowing silver altar of Zin.
  1517 | D:3      | Found a hide-covered altar of Uskayaw.
  1517 | D:3      | XOM: 8-stop teleportation journey
  1540 | D:3      | Reached XP level 4. HP: 43/45 MP: 3/3
  2220 | D:3      | XOM: 1-stop teleportation journey
  2348 | D:3      | Found a shimmering blue altar of Sif Muna.
  2563 | D:4      | XOM: enchant monster (bad)
  2677 | D:4      | Gained mutation: You occasionally shout uncontrollably at
                  | your foes. [potion of mutation]
  2677 | D:4      | Lost mutation: You occasionally shout uncontrollably at
                  | your foes. [potion of mutation]
  2677 | D:4      | Gained mutation: You have sharp toenails. [potion of
                  | mutation]
  2683 | D:4      | Found a sparkling altar of Nemelex Xobeh.
  2793 | D:4      | Found a sparkling altar of Nemelex Xobeh.
  2821 | D:4      | Noticed a phantom
  2822 | D:4      | XOM: scenery: summon butterflies
  2845 | D:4      | XOM: scenery: create altars
  2856 | D:4      | Killed a phantom
  2857 | D:4      | Reached skill level 4 in Maces & Flails
  2857 | D:4      | Reached skill level 3 in Dodging
  2857 | D:4      | Reached XP level 5. HP: 35/53 MP: 4/4
  2955 | D:5      | Entered Level 5 of the Dungeon
  2955 | D:5      | Noticed an ogre
  2955 | D:5      | XOM: fog
  2959 | D:5      | Killed an ogre
  2960 | D:5      | Reached XP level 6. HP: 57/62 MP: 5/5
  3143 | D:5      | XOM: smoke on damage
  3157 | D:5      | HP: 9/62 [orc priest/divine providence (16)]
  3162 | D:5      | HP: 10/62 [orc priest/+0 club (3)]
  3165 | D:5      | HP: 4/62 [phantom (3)]
  3166 | D:5      | Killed from afar by an orc priest

Vanquished Creatures
  A phantom (D:4)
  An iguana (D:4)
  A worker ant (D:5)
  6 adders
  2 oozes
  An adder skeleton (D:5)
  3 worms
  A dart slug (D:2)
  2 leopard geckos
  4 giant cockroaches
  2 goblins
  7 hobgoblins
  4 jackals
  2 quokkas
  4 bats
  3 frilled lizards
  5 kobolds
  6 rats
55 creatures vanquished.

Vanquished Creatures (collateral kills)
  An ogre (D:5)
1 creature vanquished.

Grand Total: 56 creatures vanquished

Table legend:
 A = Non-vault XP
 B = Vault XP
 C = Vault XP percentage of total XP
 D = Non-vault monster count
 E = Vault monster count
 F = Vault count percentage of total count
                 A         B        C        D         E       F
            +---------+---------+-------+---------+---------+-------
      Total |     452 |       0 |   0.0 |      56 |       0 |   0.0
            +---------+---------+-------+---------+---------+-------
        D:1 |      24 |       0 |   0.0 |      12 |       0 |   0.0
        D:2 |      58 |       0 |   0.0 |      18 |       0 |   0.0
        D:3 |      41 |       0 |   0.0 |      12 |       0 |   0.0
        D:4 |     183 |       0 |   0.0 |       6 |       0 |   0.0
        D:5 |     146 |       0 |   0.0 |       8 |       0 |   0.0
            +---------+---------+-------+---------+---------+-------

Illustrated notes

Table legend:
 A = Kills in this place as a percentage of kills in entire the game.
 B = Kills by you in this place as a percentage of kills by you in the entire game.
 C = Kills by friends in this place as a percentage of kills by friends in the entire game.
 D = Other kills in this place as a percentage of other kills in the entire game.
 E = Experience gained in this place as a percentage of experience gained in the entire game.
 F = Experience gained in this place divided by the number of levels of this place that you have seen.
                   A       B       C       D       E      F
               +-------+-------+-------+-------+-------+----------------------
         Total | 100.0 | 100.0 | 100.0 |   N/A | 100.0 |  90.4
       Dungeon | 100.0 | 100.0 | 100.0 |   N/A | 100.0 |  90.4
               +-------+-------+-------+-------+-------+----------------------

Table legend: (Time is in decaauts)
 A = Elapsed time spent in this place.
 B = Non-inter-level travel time spent in this place.
 C = Inter-level travel time spent in this place.
 D = Time resting spent in this place.
 E = Time spent auto-exploring this place.
 F = Levels seen in this place.
 G = Mean time per level.
                   A        B        C        D        E       F      G
               +--------+--------+--------+--------+--------+-----+--------+
         Total |   3225 |   3045 |    180 |      0 |   2457 |   5 |  645.0 |
       Dungeon |   3225 |   3045 |    180 |      0 |   2457 |   5 |  645.0 |
               +--------+--------+--------+--------+--------+-----+--------+

Top non-repeatable levels by time:
     D:3: 1025 daAuts
     D:2: 763 daAuts
     D:1: 661 daAuts
     D:4: 557 daAuts
     D:5: 219 daAuts
